 Dungeon Crawl Stone Soup version 0.31-a0-210-gccc998d (webtiles) character file.

Game seed: 13766580218743848604

13218 Dawnplanks the Eclecticist (level 11, -3/74 HPs)
             Began as a Mummy Necromancer on June 30, 2023.
             Was a Believer of Kikubaaqudgha.
             Slain by a shadow (19 damage)
             ... on level 11 of the Dungeon.
             The game lasted 00:50:54 (14949 turns).

Dawnplanks the Eclecticist (Mummy Necromancer)     Turns: 14949, Time: 00:50:55

Health: -3/74      AC: 10    Str: 11    XL:     11   Next: 72%
Magic:  7/30       EV: 13    Int: 20    God:    Kikubaaqudgha [**....]
Gold:   611        SH:  0    Dex: 12    Spells: 20/40 levels left

rFire   x . .        t - +3 flail (protect)
rCold   + + .        (no shield)
rNeg    + + +        v - +2 robe {rC+}
rPois   ∞            (no helmet)
rElec   .            z - +0 cloak
rCorr   .            (no gloves)
SInv    .            o - +0 pair of boots
Will    +....        w - amulet of regeneration
Stlth   ++           f - +4 ring of protection
HPRegen 1.12/turn    A - ring of wizardry
MPRegen 0.22/turn

%: faith, wizardry (x1)
@: no status effects
A: cold resistance 1, negative energy resistance 3, torment resistance 2, heat
vulnerability 1, in touch with death 1, no potions, faith
a: Renounce Religion, Unearth Wretches


You were on level 11 of the Dungeon.
You worshipped Kikubaaqudgha.
Kikubaaqudgha was pleased with you.
You visited 2 branches of the dungeon, and saw 12 of its levels.
You also visited: Gauntlet.

You collected 611 gold pieces.

Inventory:

Hand Weapons
 t - a +3 flail of protection (weapon)
Missiles
 i - 2 throwing nets
Armour
 o - a +0 pair of boots (worn)
 v - a +2 robe of cold resistance (worn)
 z - a +0 cloak (worn)
Magical Staves
 E - a staff of earth
 F - a staff of poison
Jewellery
 a - a +4 ring of slaying
 f - a +4 ring of protection (left hand)
 j - a ring of fire
 w - an amulet of regeneration (around neck)
 x - a ring of protection from fire
 A - a ring of wizardry (right hand)
 B - a ring of resist corrosion
Wands
 n - a wand of charming (14)
 q - a wand of flame (6)
 s - a wand of mindburst (25)
 C - a wand of digging (5)
 D - a wand of roots (5)
Scrolls
 c - 4 scrolls of noise
 d - 6 scrolls of teleportation
 e - 3 scrolls of fear
 g - 3 scrolls of enchant weapon
 h - 2 scrolls of revelation
 k - 3 scrolls of immolation
 l - 2 scrolls of blinking
 m - 2 scrolls of amnesia
 p - 3 scrolls of fog
 r - a scroll of summoning
 u - 3 scrolls of poison {unknown}
Miscellaneous
 y - a sack of spiders (inert)


   Skills:
 + Level 2.6 Fighting
 - Level 1.0 Maces & Flails
 + Level 3.7 Dodging
 + Level 2.9 Stealth
 + Level 15.1 Spellcasting
 + Level 1.3 Conjurations
 + Level 13.2 Necromancy
 + Level 0.1 Air Magic
 + Level 0.8 Earth Magic


You had 20 spell levels left.
You knew the following spells:

 Your Spells              Type           Power      Damage    Failure   Level
a - Necrotise             Necr           100%       1d9       0%          1
b - Vampiric Draining     Necr           80%        2d11      1%          3
c - Magic Dart            Conj           80%        1d7       1%          1
d - Animate Dead          Necr           80%        N/A       1%          4
e - Agony                 Necr           80%        N/A       1%          5
f - Mephitic Cloud        Conj/Pois/Air  17%        N/A       4%          3
g - Stone Arrow           Conj/Erth      38%        3d9       3%          3

Your spell library contained the following spells:

 Spells                   Type           Power      Damage    Failure   Level
 Apportation              Tloc           30%        N/A       1%          1
 Kiss of Death            Conj/Necr      100%       2d13      1%          1
 Sandblast                Erth           36%        2d10      1%          1
 Summon Small Mammal      Summ           60%        N/A       1%          1
 Call Imp                 Summ           30%        N/A       2%          2
 Passwall                 Tmut/Erth      13%        N/A       2%          2
 Scorch                   Fire           30%        2d6       2%          2
 Flame Wave               Conj/Fire      17%        2d7       12%         4
 Alistair's Intoxication  Tmut/Pois      10%        N/A       41%         5
 Summon Cactus Giant      Summ           7%         N/A       91%         6


Dungeon Overview and Level Annotations

Branches:
Dungeon (11/15)            Temple (1/1) D:6            Lair (0/5) D:10
Gauntlet (visited)
    Orc: D:9-12

Altars:
Ashenzari
Cheibriados
Dithmenos
Fedhas
Gozag
Hepliaklqana
Kikubaaqudgha
Makhleb
Nemelex Xobeh
Okawaru
Qazlal
Ru
Sif Muna
Trog
Uskayaw
Vehumet
Wu Jian
Xom
Yredelemnul

Shops:
D:9 [

Annotations:
D:3 2 runed translucent doors, Caerwyn's ghost, amateur GrEE
D:8 3 runed translucent doors, Dega's ghost, novice SpHu; PiratePeteNZ's ghost, novice DrEE
D:9 1 runed translucent door, Dega's ghost, novice SpHu


Innate Abilities, Weirdness & Mutations

You are immune to poison.
Your flesh is cold resistant. (rC+)
You are immune to negative energy. (rN+++)
You are immune to unholy pain and torment.
You are vulnerable to heat. (rF-)
You are in touch with the powers of death.
You do not drink.
You have a special connection with the divine. (Faith)


Message History

The shadow slips into darkness.
The shadow flickers and vanishes!
Deactivating autopickup; reactivate with Ctrl-A.
Something completely misses your orc warrior zombie.
Something hits your orc warrior zombie.
The shadow strikes at your scorpion from the darkness!
Reactivating autopickup.
The orc warrior hits your orc warrior zombie with a +0 glaive.
Your scorpion barely misses the shadow.
The shadow hits your scorpion.
Your scorpion stings the shadow.
Your orc warrior zombie hits the shadow.
The shadow hits your scorpion!
Your scorpion dies!
Your scorpion's corpse disappears in a puff of smoke!
The orc warrior hits your orc warrior zombie with a +0 glaive!
Your orc warrior zombie is destroyed!
Casting: Vampiric Draining (safe; 1% risk of failure)
Confirm with . or Enter, or press ? or * to list all spells.
Aiming: Stone Arrow (dangerous; 3% risk of failure)
Press: ? - help, Shift-Dir - straight line, f - shadow
Aim: a shadow (moderately damaged, 68% to hit)
The stone arrow misses the shadow.
The stone arrow hits the orc warrior!
The orc warrior is heavily wounded.
The shadow slips into darkness.
The shadow flickers and vanishes!
Deactivating autopickup; reactivate with Ctrl-A.
The shadow strikes at you from the darkness!
Reactivating autopickup.
The shadow slips into darkness.
The shadow flickers and vanishes!
Deactivating autopickup; reactivate with Ctrl-A.
The shadow strikes at you from the darkness!
* * * LOW HITPOINT WARNING * * *
Reactivating autopickup.
The shadow slips into darkness.
The shadow flickers and vanishes!
Deactivating autopickup; reactivate with Ctrl-A.
The shadow strikes at you from the darkness!
You die...
Kikubaaqudgha rasps: "You have failed me!
Welcome... oblivion!"

#........#
#......#
#..<.....#
#...>..#
#........#
#####'##
###.######
#..# #.#
#.## #.#
#.# #.#
##.### #.#
#..... #@#
#..... #.#
#..... #.#
#.(... #.#
#..... #o#
#..... #.#
#....(
##o#
#.....
#..#
#.....
#.##
#.....


You could see an orc warrior and an orc wizard.

Vanquished Creatures
  An entropy weaver (Gauntlet)
  A centaur warrior (Gauntlet)
  A two-headed ogre (D:9)
  2 boulder beetles (D:11)
  A deep elf knight (D:11)
  A sea snake (Gauntlet)
  A steelbarb worm (Gauntlet)
  Pikel (D:6)
  A deep elf pyromancer (Gauntlet)
  A black mamba (Gauntlet)
  A queen bee (D:10)
  3 trolls
  A tyrant leech (Gauntlet)
  Grinder (D:6)
  Prince Ribbit (D:6)
  Sigmund (D:6)
  A yak (D:9)
  Eustachio (D:6)
  A wraith (D:10)
  A chaos spawn (Gauntlet)
  3 wyverns
  A basilisk (D:10)
  2 vampire mosquitoes (D:10)
  A neqoxec (Gauntlet)
  2 redbacks (Gauntlet)
  An acid dragon (D:8)
  4 swamp worms (Gauntlet)
  A water moccasin (D:5)
  Duvessa (D:5)
  3 sky beasts (D:7)
  3 orc warriors (D:11)
  An ice beast (D:5)
  3 black bears
  A wolf (D:10)
  6 centaurs
  A lemure (D:6)
  A kobold brigand (D:7)
  A gnoll sergeant (D:10)
  3 scorpions
  3 wights (D:8)
  Dowan (D:5)
  A yak zombie (D:9)
  28 killer bees
  An electric eel (D:10)
  A howler monkey (D:7)
  2 jellies (D:7)
  An orc priest (D:11)
  A gnoll bouda (D:5)
  5 hounds
  A sleepcap (D:4)
  4 iguanas
  6 orc wizards
  16 gnolls
  6 adders
  An ufetubus (D:4)
  4 worms
  A dart slug (D:4)
  28 orcs
  4 endoplasms
  11 goblins
  5 hobgoblins
  A jackal (D:11)
  8 kobolds
  7 quokkas
  3 ball pythons
  3 bats
  4 frilled lizards
  5 rats
224 creatures vanquished.

Vanquished Creatures (collateral kills)
  A minotaur (Gauntlet)
  A death scarab (Gauntlet)
  A spectral death yak (Gauntlet)
  2 hornets
  4 yaks (D:9)
  A chaos spawn (Gauntlet)
  An orc warrior (D:9)
  An ice beast (D:7)
  A sky beast (D:7)
  A wolf (D:10)
  2 centaurs
  2 bullfrogs
  A wight (D:8)
  A troll zombie (D:10)
  2 killer bees (D:9)
  2 hounds (D:10)
  An orc priest (D:9)
  An orc wizard (D:9)
  A gnoll (D:10)
  An adder (D:4)
  A white imp (D:7)
  8 orcs
  2 endoplasms (D:1)
  2 ball pythons
41 creatures vanquished.

Vanquished Creatures (others)
  A hydra (Gauntlet)
  A merfolk aquamancer (Gauntlet)
  An anaconda (Gauntlet)
  A tengu warrior (Gauntlet)
  A cyclops (Gauntlet)
  A steelbarb worm zombie (Gauntlet)
  4 swamp worm zombies (Gauntlet)
  2 redback zombies (Gauntlet)
  A sea snake zombie (Gauntlet)
  A black mamba zombie (Gauntlet)
  A redback (Gauntlet)
  An entropy weaver zombie (Gauntlet)
  2 wyvern zombies
  A cyclops zombie (Gauntlet)
  2 yak zombies (D:9)
  2 wolf zombies (D:10)
  3 centaur zombies
  8 killer bee zombies (D:10)
  2 sky beast zombies (D:7)
  A hound zombie (D:10)
  14 orc zombies
  6 gnoll zombies (D:10)
57 creatures vanquished.

Grand Total: 322 creatures vanquished

Notes
Turn   | Place    | Note
-------+----------+-------------------------------------------
     0 | D:1      | Dawnplanks the Mummy Necromancer began the quest for the
                  | Orb.
     0 | D:1      | Reached XP level 1. HP: 13/13 MP: 4/4
   123 | D:1      | Found a faded altar of an unknown god.
   340 | D:1      | Reached XP level 2. HP: 19/19 MP: 2/5
   441 | D:1      | Reached skill level 3 in Spellcasting
  1770 | D:2      | Gained mutation: You are in touch with the powers of death.
                  | [Mummy growth]
  1770 | D:2      | Reached XP level 3. HP: 18/24 MP: 0/7
  1980 | D:2      | Reached skill level 5 in Necromancy
  1980 | D:2      | Reached XP level 4. HP: 28/30 MP: 4/9
  2249 | D:2      | Found a shimmering altar of Xom.
  2536 | D:2      | Reached skill level 4 in Spellcasting
  2838 | D:2      | Reached XP level 5. HP: 35/35 MP: 8/11
  3337 | D:3      | Found a large runed translucent door.
  3338 | D:3      | Found a large runed translucent door.
  3339 | D:3      | Noticed Caerwyn's ghost (amateur GrEE)
  4348 | D:4      | Learned a level 3 spell: Vampiric Draining
  4494 | D:4      | Learned a level 1 spell: Magic Dart
  4591 | D:4      | Reached skill level 5 in Spellcasting
  4591 | D:4      | Reached XP level 6. HP: 32/41 MP: 6/13
  4948 | D:4      | Reached skill level 6 in Spellcasting
  5144 | D:4      | Reached XP level 7. HP: 46/46 MP: 14/16
  5170 | D:4      | Found a hide-covered altar of Uskayaw.
  5291 | D:5      | Entered Level 5 of the Dungeon
  5398 | D:5      | Found a shimmering blue altar of Sif Muna.
  5774 | D:5      | Reached skill level 7 in Spellcasting
  5816 | D:5      | Found a bloodstained altar of Trog.
  5864 | D:5      | Found a hazy altar of Hepliaklqana.
  6154 | D:5      | Noticed Duvessa
  6155 | D:5      | Noticed Dowan
  6159 | D:5      | Killed Duvessa
  6162 | D:5      | Killed Dowan
  6163 | D:5      | Reached skill level 8 in Spellcasting
  6163 | D:5      | Reached XP level 8. HP: 46/52 MP: 5/20
  6534 | D:6      | Noticed Eustachio
  6587 | D:6      | Killed Eustachio
  6795 | D:6      | Reached skill level 1 in Maces & Flails
  6949 | D:6      | Noticed Grinder
  6949 | D:6      | Noticed Sigmund
  6957 | D:6      | Killed Sigmund
  6958 | D:6      | Reached skill level 1 in Fighting
  6958 | D:6      | Reached skill level 9 in Spellcasting
  6976 | D:6      | Paralysed by Grinder for 2 turns
  6987 | D:6      | Paralysed by Grinder for 4 turns
  6991 | D:6      | Killed Grinder
  7210 | D:6      | Found a staircase to the Ecumenical Temple.
  7246 | Temple   | Entered the Ecumenical Temple
  7263 | D:6      | Noticed Pikel
  7275 | D:6      | Killed Pikel
  7276 | D:6      | Reached skill level 10 in Spellcasting
  7276 | D:6      | Reached XP level 9. HP: 59/59 MP: 11/23
  7423 | D:6      | Found an ancient bone altar of Kikubaaqudgha.
  7508 | D:6      | Became a worshipper of Kikubaaqudgha
  7529 | D:6      | Found a stormy altar of Qazlal.
  7661 | D:6      | Noticed Prince Ribbit
  7671 | D:6      | Killed Prince Ribbit
  7835 | D:7      | Learned a level 4 spell: Animate Dead
  7841 | D:7      | Learned a level 5 spell: Agony
  7845 | D:7      | Learned a level 3 spell: Mephitic Cloud
  7887 | D:7      | Found a snail-covered altar of Cheibriados.
  8569 | D:7      | Reached skill level 11 in Spellcasting
  8574 | D:7      | Reached skill level 10 in Necromancy
  9004 | D:7      | Found a shadowy altar of Dithmenos.
  9004 | D:7      | Found an iron altar of Okawaru.
  9404 | D:8      | Found a radiant altar of Vehumet.
  9537 | D:8      | Reached XP level 10. HP: 67/67 MP: 25/25
 10025 | D:8      | Reached skill level 12 in Spellcasting
 10132 | D:8      | Reached * piety under Kikubaaqudgha
 10132 | D:8      | Received a gift from Kikubaaqudgha
 10168 | D:8      | Found a burning altar of Makhleb.
 10192 | D:8      | Found a runed translucent gate.
 10192 | D:8      | Found a runed translucent gate.
 10192 | D:8      | Found a runed translucent gate.
 10197 | D:8      | Noticed PiratePeteNZ's ghost (novice DrEE)
 10197 | D:8      | Noticed Dega's ghost (novice SpHu)
 10377 | D:8      | Learned a level 3 spell: Stone Arrow
 10642 | D:9      | Found Riafuqa's Armour Shop.
 10922 | D:9      | Noticed a two-headed ogre
 10936 | D:9      | Killed a two-headed ogre
 10937 | D:9      | Reached skill level 13 in Spellcasting
 10937 | D:9      | Reached skill level 1 in Conjurations
 11180 | D:9      | Found a runed translucent door.
 11180 | D:9      | Noticed Dega's ghost (novice SpHu)
 11180 | D:9      | Noticed a deep elf pyromancer
 11613 | D:10     | Entered Level 10 of the Dungeon
 12216 | D:10     | Reached XP level 11. HP: 72/72 MP: 12/28
 12232 | D:10     | Reached ** piety under Kikubaaqudgha
 12396 | D:10     | Reached skill level 14 in Spellcasting
 13142 | D:10     | Found a staircase to the Lair.
 13683 | D:11     | Found a gate leading to a gauntlet.
 13687 | D:11     | Noticed a boulder beetle
 13706 | D:11     | Killed a boulder beetle
 13711 | Gauntlet | Entered a Gauntlet
 13711 | Gauntlet | Found a transporter.
 13712 | Gauntlet | Noticed a death scarab
 13842 | Gauntlet | Found a transporter.
 13844 | Gauntlet | Found a transporter.
 13857 | Gauntlet | Found a transporter.
 13858 | Gauntlet | Found a transporter.
 13861 | Gauntlet | Noticed a reaper
 13866 | Gauntlet | Found a transporter.
 13880 | Gauntlet | Noticed a hell beast
 13881 | Gauntlet | Found a transporter.
 13881 | Gauntlet | Found the macabre finger necklace {Finger+ rN+}
 13902 | Gauntlet | Found a transporter.
 13906 | Gauntlet | Found a transporter.
 13907 | Gauntlet | Found a transporter.
 13920 | Gauntlet | Found a transporter.
 13933 | Gauntlet | Found a transporter.
 13935 | Gauntlet | Found a transporter.
 13936 | Gauntlet | Found a runed translucent door.
 13978 | Gauntlet | Found a transporter.
 14019 | Gauntlet | Noticed a sea snake
 14087 | Gauntlet | Killed a death scarab
 14673 | Gauntlet | Noticed a minotaur
 14687 | Gauntlet | Killed a minotaur
 14688 | Gauntlet | Reached skill level 15 in Spellcasting
 14949 | D:11     | Slain by a shadow

Illustrated notes

Levels and vault maps discovered:
D:1:      minmay_arrival_arboretum_small, layout_basic,
          hellmonk_ecumenical_altar_lost_god
D:2:      layout_basic, basic_altar, serial_co_window_serial, co_window_paths_a,
          co_window_paths_a, co_window_paths_a, co_window_corner_a,
          co_window_paths_a, co_window_2corner, co_window_broadway_b,
          co_window_of_opportunity_b, co_window_paths_c,
          co_window_of_opportunity_c, co_window_corner_cb, co_window_corner_ca,
          co_window_paths_e, co_window_4corner_b, glass_columns_b,
          glass_columns_b, glass_columns_a, glass_columns_b
D:3:      layout_basic, ebering_ghost_disaster_area, minmay_puff
D:4:      minmay_general_purpose_star, layout_basic,
          lemuel_coloured_pillars_altar
D:5:      corexii_shack_village, layout_basic, lemuel_round_altar,
          trog_three_pillars_becter, nicolae_overflow_hidden_temple,
          uniq_duvessa
D:6:      layout_loops_cross, grunt_qazlal_clouds, lemuel_tele_altar,
          minmay_temple_entry_statues_fountains, uniq_eustachio,
          uniq_prince_ribbit1, uniq_sigmund, uniq_pikel, uniq_grinder,
          uniq_crazy_yiuf_cottage
D:7:      layout_loops_ring, mainiacjoe_overflow_tiny_flanked,
          nicolae_elyvilon_temple_path, amethyst_overflow_temple_binary,
          serial_rivers, chequers_serial_rivers_room_a,
          chequers_serial_rivers_small_b, chequers_serial_rivers_small_a,
          chequers_serial_rivers_micro_c, chequers_serial_rivers_micro_b,
          minmay_fractal_squares_diagonal_5
D:8:      layout_basic, mainiacjoe_overflow_catwalk,
          mainiacjoe_overflow_six_doors_small, gammafunk_ghost_cemetery
D:9:      layout_roguey, ebering_ghost_inner_flame, serial_shops,
          nicolae_square_shop
D:10:     layout_roguey [special_room_bee], erik_lair_island
D:11:     layout_roguey, david_orc_4, gauntlet_entry_generic,
          minmay_rotating_lava
Temple:   hellmonk_temple_micro_hex

Skill      XL: |  1  2  3  4  5  6  7  8  9 10 11 |
---------------+----------------------------------+-----
Spellcasting   | 3 4 5 6 8 10 11 13 15 | 15.1
Stealth        | 2 |  2.9
Necromancy     | 5 6 7 8 10 11 13 | 13.2
Dodging        | 2 3 |  3.7
Maces & Flails | 1 |  1.0
Fighting       | 1 2 |  2.6
Conjurations   | 1 |  1.3
Air Magic      | |  0.1
Earth Magic    | |  0.8

Action                     |  1- 3 |  4- 6 |  7- 9 | 10-12 || total
---------------------------+-------+-------+-------+-------++-------
  Melee: Dagger            |    11 |    13 |       |       ||    24
         Unarmed           |     1 |       |       |       ||     1
         Flail             |       |       |    51 |    59 ||   110
         Punch             |       |       |       |     1 ||     1
   Cast: Necrotise         |    96 |   107 |   189 |   278 ||   670
         Magic Dart        |       |     3 |    36 |    16 ||    55
         Vampiric Draining |       |       |    19 |    50 ||    69
         Animate Dead      |       |       |     8 |    21 ||    29
         Stone Arrow       |       |       |       |    22 ||    22
         Mephitic Cloud    |       |       |       |     1 ||     1
 Invoke: Unearth Wretches  |       |       |       |     6 ||     6
    Use: Scroll            |       |       |       |     9 ||     9
 Armour: Robe              |    12 |    15 |    72 |   118 ||   217
  Dodge: Dodged            |    22 |    31 |   133 |   247 ||   433

Table legend: (Time is in decaauts)
 A = Elapsed time spent in this place.
 B = Non-inter-level travel time spent in this place.
 C = Inter-level travel time spent in this place.
 D = Time resting spent in this place.
 E = Time spent auto-exploring this place.
 F = Levels seen in this place.
 G = Mean time per level.
                   A        B        C        D        E       F      G
               +--------+--------+--------+--------+--------+-----+--------+
         Total |  14997 |  14216 |    781 |    436 |  11135 |  13 | 1153.6 |
       Dungeon |  13837 |  13063 |    774 |    374 |  10492 |  11 | 1257.9 |
        Temple |      9 |      2 |      7 |      0 |      0 |   1 |    9.0 |
      Gauntlet |   1149 |   1149 |      0 |     62 |    643 |   1 | 1149.0 |
               +--------+--------+--------+--------+--------+-----+--------+

Top non-repeatable levels by time:
    D:10: 1856 daAuts
     D:2: 1834 daAuts
     D:7: 1538 daAuts
     D:1: 1457 daAuts
     D:4: 1352 daAuts
     D:6: 1266 daAuts
     D:9: 1157 daAuts
     D:8: 1152 daAuts
Gauntlet: 1149 daAuts
     D:5: 1090 daAuts
     D:3: 779 daAuts
    D:11: 352 daAuts
  Temple: 9 daAuts
